 Dungeon Crawl Stone Soup version 0.23.2-33-g5129a83184 (webtiles) character file.

Game seed: 12991373806053145751

95969 MalarOregon the Spry (level 16, -5/132 HPs)
             Began as a Merfolk Gladiator on Aug 10, 2019.
             Was an Initiate of Gozag.
             Shot with a bolt by a yaktaur captain (9 damage)
             ... on level 14 of the Dungeon on Aug 11, 2019.
             The game lasted 01:38:57 (32164 turns).

MalarOregon the Spry (Merfolk Gladiator)           Turns: 32164, Time: 01:38:57

Health: -5/132     AC: 18    Str: 23    XL:     16   Next: 15%
Magic:  23/23      EV: 13    Int:  8    God:    Gozag
Gold:   1146       SH: 15    Dex: 13    Spells: 15/15 levels left

rFire    + . .     SeeInvis +   a - +6 demon trident (flame)
rCold    . . .     Gourm    .   o - +2 shield
rNeg     + . .     Faith    .   H - +0 plate armour {rN+}
rPois    +         Spirit   .   q - +1 hat {MR+}
rElec    +         Reflect  .   G - +1 cloak
rCorr    +         Harm     .   L - +3 pair of gloves of the Lost Planets {rElec rCorr Str+2 Dex-2}
MR       ++...                  M - +0 pair of boots
Stlth    ..........             h - amulet of magic regeneration
HPRegen  0.32/turn              z - ring of see invisible
MPRegen  0.43/turn              N - ring "Nykooss" {Wiz rPois rF+}

@: gold aura, studying Dodging
A: change form in water, swift swim, stealthy swim, low mp 1, wild magic 1
a: Potion Petition, Call Merchant, Bribe Branch, Renounce Religion


You were on level 14 of the Dungeon.
You worshipped Gozag.
Gozag was most pleased with you.
You were very hungry.

You visited 4 branches of the dungeon, and saw 23 of its levels.
You also visited: Gauntlet and Ice Cave.

You collected 9281 gold pieces.
You spent 1961 gold pieces at shops.
You paid 6174 gold pieces to Gozag.

Inventory:

Hand Weapons
 a - a +6 demon trident of flaming (weapon)
   (You acquired it on level 11 of the Dungeon)
 I - a +0 blowgun
   (You took it off a kobold on level 10 of the Dungeon)
 R - the +4 dagger "Lula" {drain, Int+2}
   (You found it on level 6 of the Lair of Beasts)

   A truly terrible weapon, it drains the life of those it strikes.
   It affects your intelligence (+2).
Missiles
 l - 7 poisoned tomahawks (quivered)
 y - 17 javelins
 E - 6 throwing nets {!f}
 F - 51 tomahawks
 J - 12 curare-tipped needles {!f}
Armour
 o - a +2 shield (worn)
   (You found it on level 6 of the Dungeon)
 q - a +1 hat of magic resistance (worn)
   (You took it off Gastronok on level 1 of the Lair of Beasts)
 G - a +1 cloak (worn)
   (You found it on level 7 of the Dungeon)
 H - a +0 plate armour of positive energy (worn)
   (You took it off a minotaur in a Gauntlet)
 L - the +3 pair of gloves of the Lost Planets (worn) {rElec rCorr Str+2 Dex-2}
   (You found it in a Gauntlet)

   It affects your strength (+2).
   It affects your dexterity (-2).
   It insulates you from electricity.
   It provides partial protection from all sources of acid and corrosion.
 M - a +0 pair of boots (worn)
   (You found it on level 6 of the Lair of Beasts)
Jewellery
 g - an uncursed ring of ice
   (You found it on level 5 of the Dungeon)
 h - an amulet of magic regeneration (around neck)
   (You found it on level 7 of the Dungeon)
 i - an uncursed ring of protection from fire
   (You found it on level 4 of the Lair of Beasts)
 z - a ring of see invisible (left hand)
   (You found it on level 14 of the Dungeon)
 N - the ring "Nykooss" (right hand) {Wiz rPois rF+}
   (You found it on level 11 of the Dungeon)

   [ring of wizardry]

   It improves your spell success rate.
   It protects you from fire.
   It protects you from poison.
Wands
 d - a wand of iceblast (55)
   (You found it on level 6 of the Dungeon)
 t - a wand of flame (19)
   (You bought it in a shop on level 11 of the Dungeon)
 u - a wand of paralysis (5)
   (You found it on level 2 of the Lair of Beasts)
 v - a wand of digging (11)
   (You took it off Eustachio on level 3 of the Dungeon)
Scrolls
 b - 3 scrolls of fog
 f - 14 scrolls of teleportation {@r4}
 j - a scroll of magic mapping
 k - 3 scrolls of fear
 s - 3 scrolls of blinking
 w - 11 scrolls of remove curse {@r2}
 x - a scroll of holy word
 P - 3 scrolls of immolation {!r}
Potions
 c - 2 potions of magic
 m - 2 potions of lignification {!q}
 n - 10 potions of curing {@q1}
 p - a potion of cancellation
 A - a potion of might
 B - a potion of resistance
 D - 7 potions of brilliance
 K - a potion of haste {@q3}
 Q - 3 potions of agility
Books
 U - a manual of Dodging {!d}
   (You found it on level 6 of the Lair of Beasts)
Miscellaneous
 C - 2 sacks of spiders
Comestibles
 e - 28 rations {!d}


   Skills:
 + Level 13.9 Fighting
 - Level 14.0 Polearms
 + Level 12.9 Throwing
 + Level 17.3 Dodging
 + Level 11.7 Shields
 + Level 13.2 Evocations


You had 15 spell levels left.
You didn't know any spells.
Your spell library contained the following spells:

 Spells                   Type           Power        Failure   Level  Hunger
 Beastly Appendage        Tmut           #.....       99%         1    ##.....
 Confusing Touch          Hex            #.....       99%         1    ##.....
 Corona                   Hex            #......      99%         1    ##.....
 Flame Tongue             Conj/Fire      #....        99%         1    ##.....
 Ensorcelled Hibernation  Hex/Ice        #.....       100%        2    ###....
 Sticks to Snakes         Tmut           #.......     100%        2    ###....
 Throw Flame              Conj/Fire      #.....       100%        2    ###....
 Confuse                  Hex            #.......     100%        3    ####...
 Conjure Flame            Conj/Fire      #.......     100%        3    ####...
 Dazzling Spray           Conj/Hex       #.....       100%        3    ####...
 Inner Flame              Hex/Fire       #.......     100%        3    ####...
 Portal Projectile        Hex/Tloc       #.....       100%        3    ####...
 Spider Form              Tmut/Pois      #.........   100%        3    ####...
 Tukima's Dance           Hex            #.......     100%        3    ####...
 Cause Fear               Hex            #.........   100%        4    #####..
 Ice Form                 Ice/Tmut       #.......     100%        4    #####..
 Sticky Flame             Conj/Fire      #.......     100%        4    #####..
 Throw Icicle             Conj/Ice       #.......     100%        4    #####..
 Blade Hands              Tmut           #.........   100%        5    ######.
 Fireball                 Conj/Fire      #.........   100%        5    ######.
 Silence                  Hex/Air        #.........   100%        5    ######.
 Yara's Violent Unravell  Hex/Tmut       #.........   100%        5    ######.
 Bolt of Cold             Conj/Ice       #.........   100%        6    #######
 Deflect Missiles         Chrm/Air       #.........   100%        6    #######
 Invisibility             Hex            #.......     100%        6    #######
 Discord                  Hex            #.........   100%        8    #######


Dungeon Overview and Level Annotations

Branches:
Dungeon (14/15)            Temple (1/1) D:5            Lair (6/6) D:11
 Shoals (0/4) Lair:2       Spider (0/4) Lair:4        Slime (0/5) Lair:5
    Orc (2/2) D:11            Elf (0/3) Orc:2
 Vaults: D:13-14

Altars:
Ashenzari
Cheibriados
Dithmenos
Elyvilon
Fedhas
Gozag
Hepliaklqana
Kikubaaqudgha
Makhleb
Nemelex Xobeh
Okawaru
Qazlal
Ru
Sif Muna
Trog
Uskayaw
Vehumet
Wu Jian
Xom
Yredelemnul
Zin
The Shining One

Shops:
D:5 }   D:11 *   Orc:1 *?!**!   Orc:2 %:?%([(

Portals:
Pandemonium: Orc:2

Annotations:
D:9 2 transporters


Innate Abilities, Weirdness & Mutations

You revert to your normal form in water You are very nimble and swift while swimming.
You are very stealthy in the water. (Stealth+)
Your magical capacity is low. (-10% MP)
Your spells are a little harder to cast, but a little more powerful.


Message History

Aim: a yaktaur captain, wielding a +2 arbalest of freezing You reach to attack!
You hit the yaktaur captain. You burn the yaktaur captain.
You are feeling very hungry.
The centaur warrior shoots an arrow.
The arrow hits you!
The yaktaur captain becomes distracted by the nearby gold, dreaming of imaginary riches.
The yaktaur captain shouts!
Attack whom?
Aim: a yaktaur captain, wielding a +2 arbalest of freezing (lightly wounded)
You reach to attack!
You barely miss the yaktaur captain.
The yaktaur captain is no longer distracted by gold.
The centaur warrior shoots an arrow.
The arrow hits you but does no damage.
You hit the yaktaur. You burn the yaktaur.
The centaur warrior shoots an arrow.
The arrow hits you but does no damage.
You puncture the yaktaur captain! You burn the yaktaur captain.
The yaktaur unwields a +0 arbalest.
The yaktaur closely misses you.
The yaktaur captain unwields a +2 arbalest of freezing.
You block the yaktaur captain's attack.
Your shield and plate armour prevent you from hitting the yaktaur captain.
The centaur warrior shoots an arrow.
The arrow hits you!
You puncture the yaktaur captain! You burn the yaktaur captain.
The centaur warrior shoots an arrow.
You block the arrow. The yaktaur hits you!
You puncture the yaktaur captain! You burn the yaktaur captain!
The centaur warrior shoots an arrow.
You block the arrow. The yaktaur hits you.
* * * LOW HITPOINT WARNING * * *
The centaur warrior shoots an arrow.
You block the arrow.
The centaur warrior shoots an arrow.
You block the arrow.
You see here 2 arrows.
The yaktaur becomes distracted by the nearby gold, dreaming of imaginary riches.
The centaur warrior unwields a +2 shortbow of velocity.
You block the centaur warrior's attack.
The yaktaur becomes distracted by the nearby gold, dreaming of imaginary riches.
The yaktaur shouts! x2
You hit the centaur warrior. You burn the centaur warrior.
The yaktaur is no longer distracted by gold.
The yaktaur captain wields a +2 arbalest of freezing.
It is covered in frost.
The yaktaur captain shoots a bolt.
The bolt hits you!!
* * * LOW HITPOINT WARNING * * *
The bolt freezes you.
* * * LOW HITPOINT WARNING * * *
The centaur warrior closely misses you.
You puncture the centaur warrior! You burn the centaur warrior.
The centaur warrior hits you but does no damage.
You impale the centaur warrior!! You burn the centaur warrior!
The yaktaur is no longer distracted by gold.
The yaktaur becomes distracted by the nearby gold, dreaming of imaginary riches.
The yaktaur captain shoots a bolt.
The bolt hits you!!
* * * LOW HITPOINT WARNING * * *
The bolt freezes you!
You die...
Your body crumbles into a pile of gold.

...#..#....#.....#,,,******,,,,,,
...#..#....#.....#,,,,..,,,,,,,,,
...#..#....#.....###,...,,,,,,,,,
...#..+....#(......+...,,,,,,,,,,
...#.##....($$.....#.#***********
...#.#.....'.(.c....####*
..##,#.....#..cc........*
..#,,#.....#...(........*
..#,,#######...#@#.....,***
..#,,,,,........c#∩....,,,*
..#,,,,,#####..#!#**...,,,*
..#,,,,,* #.....,,,,,,,,*
..#,,,,,* #./#.#,*,,,,,,*******
..#,,,,,* #.....,,,,,,,,,,,,,,,
###,,,,,****#...#.,,,,,,,,,,,,,,,
#,,,,,,,,,,,,,,.*.,,,,,,,,,,,,,,,
#,,,,,,,,,,,,,,,***,,,,,,,,,,,,,,


You could see a yaktaur captain, a centaur warrior and 2 yaktaurs.

Vanquished Creatures
  Rupert (Lair:5)
  Gastronok (Lair:1)
  The ghost of Renjy the Destroyer, a journeyman OpFE of Sif Muna (Orc:2)
  A minotaur (Gauntlet)
  2 ice dragons (IceCv)
  7 hydras
  2 two-headed ogres
  2 centaur warriors (D:14)
  4 death yaks (Lair:2)
  An ogre mage (Orc:2)
  A hell hog (Gauntlet)
  Sonja (Lair:4)
  A sun demon (Orc:2)
  4 orc high priests
  3 unseen horrors
  2 gelid demonspawn (Orc:2)
  A wolf spider zombie (D:14)
  10 orc knights
  3 oklob plants (Lair:5)
  An ugly thing (D:13)
  7 orc sorcerers (Orc:2)
  Maurice (D:12)
  3 cyclopes
  17 elephants
  6 black mambas
  2 centaur zombies
  A rust devil (Orc:2)
  A gargoyle (D:13)
  2 ice statues (IceCv)
  14 spiny frogs
  An orange demon (Orc:2)
  2 torpor snails
  2 rime drakes (IceCv)
  A spiny frog (shapeshifter) (D:14)
  14 komodo dragons
  4 ice devils
  An efreet (D:13)
  A hellwing (Orc:2)
  2 trolls
  7 polar bears
  3 jumping spiders (Lair:4)
  3 hornets
  2 slime creatures (Lair:5)
  2 raiju (Gauntlet)
  12 blink frogs
  A raiju (shapeshifter) (D:14)
  A meliai zombie (D:13)
  8 hippogriffs
  4 dream sheep (Lair:6)
  46 yaks
  2 wraiths
  Eustachio (D:3)
  2 fire bats (Gauntlet)
  14 spriggans
  4 wyverns
  3 basilisks
  3 vampire mosquitoes (D:14)
  6 wargs
  5 steam dragons
  Menkaure (D:4)
  An acid dragon (D:12)
  A soldier ant (D:13)
  3 hell hounds (Gauntlet)
  9 water moccasins
  12 porcupines
  5 black bears
  15 ice beasts
  3 sky beasts
  4 eyes of draining
  8 ogres
  29 orc warriors
  4 boggarts (Lair:6)
  24 wolves
  3 phantoms
  11 centaurs
  10 crocodiles
  Blork the orc (D:6)
  18 bullfrogs
  A big kobold (D:10)
  10 scorpions
  14 killer bees
  7 wights
  13 howler monkeys
  2 bullfrog zombies
  6 crimson imps
  13 hounds
  26 orc priests
  9 jellies
  A gnoll shaman (D:9)
  9 iguanas
  16 orc wizards
  2 hell rats (Lair:6)
  10 worker ants
  A hound zombie (D:9)
  A hound skeleton (D:7)
  2 worker ant zombies
  26 gnolls
  A howler monkey skeleton (D:10)
  16 adders
  9 river rats (Lair:6)
  3 shadow imps
  An ooze (D:2)
  An adder skeleton (D:4)
  An adder zombie (D:9)
  A worm (D:3)
  2 dart slugs (D:2)
  4 leopard geckos
  82 orcs
  A ball python (D:4)
  3 bat zombies (D:9)
  4 giant cockroaches
  7 goblins
  8 hobgoblins
  6 jackals
  4 kobolds
  5 quokkas
  11 bats
  3 frilled lizards
  A leopard gecko zombie (D:6)
  11 rats
  9 fungi
  3 plants (D:11)
788 creatures vanquished.

Vanquished Creatures (collateral kills)
  An infernal demonspawn (Orc:2)
  2 orc knights (Orc:2)
  2 orc sorcerers (Orc:2)
  An orc warrior (Orc:2)
6 creatures vanquished.

Vanquished Creatures (others)
  A worm (D:2)
  15 fungi
  2 plants (Lair:5)
18 creatures vanquished.

Grand Total: 812 creatures vanquished

Notes
Turn   | Place    | Note
-------+----------+-------------------------------------------
     0 | D:1      | MalarOregon the Merfolk Gladiator began the quest for the
                  | Orb.
     0 | D:1      | Reached XP level 1. HP: 16/16 MP: 1/1
   592 | D:1      | Reached XP level 2. HP: 15/23 MP: 2/2
  1432 | D:2      | Reached skill level 5 in Polearms
  1490 | D:2      | Reached XP level 3. HP: 17/28 MP: 3/3
  1910 | D:2      | Reached XP level 4. HP: 34/34 MP: 4/4
  2114 | D:2      | Found a basalt altar of Yredelemnul.
  2856 | D:3      | Reached XP level 5. HP: 33/41 MP: 5/5
  2883 | D:3      | Reached skill level 5 in Dodging
  3468 | D:4      | Noticed a phantom
  3511 | D:4      | Killed a phantom
  3511 | D:4      | Reached XP level 6. HP: 29/47 MP: 6/6
  3639 | D:4      | Noticed Eustachio
  3699 | D:3      | Killed Eustachio
  3954 | D:3      | Reached XP level 7. HP: 38/54 MP: 7/7
  4543 | D:4      | Found a hazy altar of Hepliaklqana.
  4559 | D:4      | Reached skill level 6 in Dodging
  4596 | D:4      | Found a bloodstained altar of Trog.
  4633 | D:4      | Reached XP level 8. HP: 61/61 MP: 1/8
  5020 | D:5      | Entered Level 5 of the Dungeon
  5096 | D:5      | Found a snail-covered altar of Cheibriados.
  5102 | D:5      | Reached skill level 5 in Fighting
  5127 | D:5      | Found Naklebb's Gadget Boutique.
  5156 | D:5      | Bought a wand of polymorph (6) for 104 gold pieces
  5304 | D:5      | Found a glowing golden altar of the Shining One.
  5326 | D:5      | Reached skill level 7 in Dodging
  5375 | D:5      | Reached skill level 10 in Polearms
  5392 | D:4      | Noticed Menkaure
  5402 | D:4      | Killed Menkaure
  5405 | D:4      | Reached skill level 5 in Throwing
  5723 | D:5      | Found a staircase to the Ecumenical Temple.
  5733 | Temple   | Entered the Ecumenical Temple
  5797 | Temple   | Became a worshipper of Gozag Ym Sagoz the Greedy
  6093 | D:5      | Reached XP level 9. HP: 65/69 MP: 9/9
  6163 | D:5      | Found a glowing silver altar of Zin.
  6252 | D:5      | Found a white marble altar of Elyvilon.
  6715 | D:6      | Noticed Blork the orc
  6731 | D:6      | Killed Blork the orc
  6731 | D:6      | Reached skill level 8 in Dodging
  7617 | D:7      | Reached skill level 1 in Shields
  8154 | D:7      | Found a stormy altar of Qazlal.
  8384 | D:7      | Reached XP level 10. HP: 68/79 MP: 10/10
  8605 | D:7      | Reached skill level 9 in Dodging
  8825 | D:7      | Found a shimmering altar of Xom.
  8825 | D:7      | Found a shimmering altar of Xom.
  8843 | D:7      | Found a shimmering altar of Xom.
  9426 | D:7      | Noticed a queen ant
  9844 | D:7      | Found a runed translucent door.
  9845 | D:7      | Noticed Crazy Yiuf
  9850 | D:7      | Noticed Crazy Yiuf
  9850 | D:7      | Crazy Yiuf changed into Crazy Yiuf the scorpion
  9857 | D:7      | Killed Crazy Yiuf the scorpion
  9977 | D:7      | Noticed an anaconda
  9979 | D:7      | Noticed an emperor scorpion
 10005 | D:6      | Found a sacrificial altar of Ru.
 10938 | D:8      | Found a blossoming altar of Fedhas.
 10938 | D:8      | Found an ornate altar of the Wu Jian Council.
 11609 | D:9      | Noticed a five-headed hydra
 11610 | D:9      | Found a transporter.
 11611 | D:9      | Noticed an orb spider
 11612 | D:9      | Found a transporter.
 11612 | D:9      | Found a shattered altar of Ashenzari.
 11612 | D:9      | Noticed a deep elf mage
 11620 | D:9      | an orb spider changed into a yaktaur
 11642 | D:9      | Noticed a manticore
 11642 | D:9      | a yaktaur changed into a manticore
 11666 | D:9      | Noticed a two-headed ogre
 11666 | D:9      | a manticore changed into a two-headed ogre
 11921 | D:9      | Found an ancient bone altar of Kikubaaqudgha.
 11935 | D:10     | Entered Level 10 of the Dungeon
 12249 | D:10     | Reached skill level 10 in Dodging
 12263 | D:10     | Reached XP level 11. HP: 72/86 MP: 11/11
 12353 | D:10     | Noticed a two-headed ogre
 12686 | D:10     | Killed a two-headed ogre
 12725 | D:10     | Reached skill level 5 in Shields
 13353 | D:11     | Identified a scroll of acquirement
 13384 | D:11     | Noticed a two-headed ogre
 13394 | D:11     | Killed a two-headed ogre
 13418 | D:11     | Found a staircase to the Lair.
 13498 | D:11     | Reached skill level 11 in Dodging
 13807 | D:11     | Found a staircase to the Orcish Mines.
 13841 | D:11     | Got a clouded golden ring
 13927 | D:11     | Found Awoczax's Demolitions Depot.
 13960 | D:11     | Bought a manual of Evocations for 1324 gold pieces
 13960 | D:11     | Bought a scroll of immolation for 42 gold pieces
 13960 | D:11     | Bought a wand of flame (19) for 126 gold pieces
 14075 | D:11     | Identified the ring "Nykooss" {Wiz rPois rF+} (You found it
                  | on level 11 of the Dungeon)
 14133 | D:11     | Killed an unseen horror
 14218 | D:11     | Killed an unseen horror
 14311 | D:11     | Reached XP level 12. HP: 89/97 MP: 12/12
 14392 | Lair:1   | Entered Level 1 of the Lair of Beasts
 14420 | Lair:1   | Reached skill level 1 in Evocations
 14621 | Lair:1   | Reached skill level 10 in Fighting
 14710 | Lair:1   | Reached skill level 12 in Dodging
 14801 | Lair:1   | Noticed Gastronok
 14823 | Lair:1   | Killed Gastronok
 15028 | Lair:1   | Noticed a six-headed hydra
 15034 | Lair:1   | Killed a six-headed hydra
 15337 | Lair:2   | Reached skill level 5 in Evocations
 15612 | Lair:2   | Noticed a death yak
 15612 | Lair:2   | Noticed a death yak
 15612 | Lair:2   | Noticed a death yak
 15612 | Lair:2   | Noticed a death yak
 15807 | Lair:3   | Noticed an eight-headed hydra
 15812 | Lair:3   | Killed an eight-headed hydra
 16058 | Lair:3   | Reached XP level 13. HP: 81/105 MP: 17/17
 16186 | Lair:3   | Reached skill level 10 in Throwing
 16245 | Lair:3   | Reached skill level 13 in Dodging
 17193 | Lair:2   | Found a staircase to the Shoals.
 17512 | Lair:4   | Found a gate leading to a gauntlet.
 17521 | Gauntlet | Entered a Gauntlet
 17521 | Gauntlet | Found a transporter.
 17521 | Gauntlet | Found a transporter.
 17533 | Gauntlet | Found a transporter.
 17538 | Gauntlet | Found a transporter.
 17549 | Gauntlet | Found a transporter.
 17550 | Gauntlet | Found a transporter.
 17559 | Gauntlet | Found a transporter.
 17577 | Gauntlet | Found a transporter.
 17595 | Gauntlet | Found a transporter.
 17599 | Gauntlet | Found a transporter.
 17610 | Gauntlet | Found a transporter.
 17611 | Gauntlet | Found a transporter.
 18150 | Gauntlet | Got a pair of steaming gloves
 18166 | Gauntlet | Identified the +3 pair of gloves of the Lost Planets {rElec
                  | rCorr Str+2 Dex-2} (You found it in a Gauntlet)
 18202 | Gauntlet | Noticed a minotaur
 18211 | Gauntlet | Killed a minotaur
 18237 | Gauntlet | Got a pair of brightly glowing gloves
 18246 | Lair:4   | Identified the +0 pair of gloves of the Wheelwright
                  | {Stlth+} (You found it in a Gauntlet)
 18597 | Lair:4   | Noticed Sonja
 18605 | Lair:4   | Killed Sonja
 19220 | Lair:4   | Found a hole to the Spider Nest.
 19555 | Lair:5   | Reached skill level 14 in Dodging
 19562 | Lair:5   | Reached XP level 14. HP: 60/114 MP: 20/20
 19927 | Lair:5   | Found a staircase to the Slime Pits.
 19962 | Lair:5   | Noticed Rupert
 19979 | Lair:5   | Killed Rupert
 19979 | Lair:5   | Reached skill level 10 in Evocations
 21078 | Lair:6   | Entered Level 6 of the Lair of Beasts
 21137 | Lair:6   | Reached skill level 10 in Shields
 21429 | Lair:6   | Got an ichor-stained dagger
 21644 | Lair:6   | Identified the +4 dagger "Lula" {drain, Int+2} (You found
                  | it on level 6 of the Lair of Beasts)
 23266 | Lair:6   | Reached skill level 15 in Dodging
 23333 | Lair:6   | Reached XP level 15. HP: 63/122 MP: 23/23
 24615 | Orc:1    | Entered Level 1 of the Orcish Mines
 25158 | Orc:2    | Entered Level 2 of the Orcish Mines
 25158 | Orc:2    | Found a runed translucent door.
 25391 | Orc:2    | Gained mutation: You are frail. (-10% HP) [a neqoxec]
 25394 | Orc:2    | Gained mutation: Your spells are a little easier to cast,
                  | but a little less powerful. [a neqoxec]
 25815 | Orc:1    | Lost mutation: Your spells are a little easier to cast, but
                  | a little less powerful. [potion of mutation]
 25815 | Orc:1    | Lost mutation: You are frail. (-10% HP) [potion of
                  | mutation]
 25815 | Orc:1    | Gained mutation: Armour fits poorly on your strangely
                  | shaped body. [potion of mutation]
 25815 | Orc:1    | Gained mutation: You can translocate small distances at
                  | will. [potion of mutation]
 25816 | Orc:1    | Lost mutation: You can translocate small distances at will.
                  | [potion of mutation]
 25816 | Orc:1    | Gained mutation: You are agile. (Dex +2) [potion of
                  | mutation]
 25816 | Orc:1    | Gained mutation: You are somewhat resistant to further
                  | mutation. [potion of mutation]
 25817 | Orc:1    | Lost mutation: You are somewhat resistant to further
                  | mutation. [potion of mutation]
 25817 | Orc:1    | Lost mutation: You are agile. (Dex +2) [potion of mutation]
 25817 | Orc:1    | Gained mutation: You tend to lose your temper in combat.
                  | [potion of mutation]
 25817 | Orc:1    | Gained mutation: You are partially covered in slimy green
                  | scales. (AC +2) [potion of mutation]
 25864 | Orc:1    | Bought a fizzy orange potion for 37 gold pieces
 25871 | Orc:1    | Bought a potion of mutation for 328 gold pieces
 25871 | Orc:1    | Lost mutation: You are partially covered in slimy green
                  | scales. (AC +2) [potion of mutation]
 25871 | Orc:1    | Lost mutation: Armour fits poorly on your strangely shaped
                  | body. [potion of mutation]
 25871 | Orc:1    | Gained mutation: You are frail. (-10% HP) [potion of
                  | mutation]
 25871 | Orc:1    | Gained mutation: Your mind is acute. (Int +2) [potion of
                  | mutation]
 25871 | Orc:1    | Gained mutation: Your mind is very acute. (Int +4) [potion
                  | of mutation]
 26522 | Orc:2    | Found Verch's Weapon Shoppe.
 26535 | Orc:2    | Found Nane's Armour Boutique.
 26586 | Orc:2    | Noticed Renjy's ghost (journeyman OpFE)
 26608 | Orc:2    | Found Otteustry's Magic Scroll Shoppe.
 26682 | Orc:2    | Found a staircase to the Elven Halls.
 26729 | Orc:2    | Found Tubbor's Food Boutique.
 27032 | Orc:2    | Found Sega's Food Shop.
 27800 | Orc:2    | Reached skill level 16 in Dodging
 28877 | Orc:2    | Found Bidoetoe's Antique Weapon Shoppe.
 28877 | Orc:2    | Found Galistr Bemn's Book Emporium.
 28879 | Orc:2    | Found a one-way gate leading to the halls of Pandemonium.
 29116 | Orc:2    | Killed Renjy's ghost
 29313 | D:12     | Noticed Maurice
 29326 | D:12     | Killed Maurice
 30277 | D:13     | Got a steaming ivory ring
 30294 | D:13     | Identified the ring of Olot {Ice MR- Str+7 Slay+3} (You
                  | found it on level 13 of the Dungeon)
 30734 | D:13     | Lost mutation: You tend to lose your temper in combat.
                  | [potion of mutation]
 30734 | D:13     | Lost mutation: You are frail. (-10% HP) [potion of
                  | mutation]
 30734 | D:13     | Lost mutation: Your mind is very acute. (Int +4) [potion of
                  | mutation]
 30734 | D:13     | Lost mutation: Your mind is acute. (Int +2) [potion of
                  | mutation]
 30734 | D:13     | Gained mutation: Your magical capacity is low. (-10% MP)
                  | [potion of mutation]
 30734 | D:13     | Gained mutation: Your spells are a little harder to cast,
                  | but a little more powerful. [potion of mutation]
 30908 | D:13     | Identified the Handbook of the Ensnaring Glacier
 31118 | D:14     | Reached skill level 17 in Dodging
 31118 | D:14     | Reached XP level 16. HP: 108/132 MP: 23/23
 31140 | D:14     | Found a frozen archway.
 31165 | IceCv    | Entered an ice cave
 31472 | IceCv    | HP: 5/132 [ice dragon/blast of cold (54)]
 31787 | IceCv    | Got a slimy brass ring
 31794 | IceCv    | Identified the cursed ring of Equivalence {rF+ rC- AC-2
                  | Str+5 Int-5} (You found it in an ice cave)
 32164 | D:14     | HP: 4/132 [yaktaur captain/bolt (33)]
 32164 | D:14     | Shot with a bolt by a yaktaur captain

Skill      XL: |  1  2  3  4  5  6  7  8  9 10 11 12 13 14 15 |
---------------+----------------------------------------------+-----
Polearms       | 5 6 7 9 10 12 14 | 14.0
Fighting       | 3 4 5 7 8 9 10 11 12 13 | 13.9
Dodging        | 5 6 7 8 10 11 12 14 15 17 | 17.3
Throwing       | 3 4 5 6 7 8 9 10 11 12 | 12.9
Shields        | 2 4 6 8 9 10 11 | 11.7
Evocations     | 6 9 11 13 | 13.2

Action                   |  1- 3 |  4- 6 |  7- 9 | 10-12 | 13-15 | 16-18 || total
-------------------------+-------+-------+-------+-------+-------+-------++-------
Melee: Trident           |    81 |   210 |   349 |   836 |       |       ||  1476
       Halberd           |       |       |   229 |       |       |       ||   229
       Demon trident     |       |       |       |   412 |  1654 |   137 ||  2203
       Tailslap          |       |       |       |       |     6 |     1 ||     7
Throw: Stone             |     5 |    33 |    37 |       |       |       ||    75
       Tomahawk          |       |       |       |     2 |     5 |       ||     7
Invok: Call Merchant     |       |       |       |       |     6 |       ||     6
       Potion Petition   |       |       |       |       |     1 |     3 ||     4
Evoke: Wand              |       |       |     4 |     2 |     5 |       ||    11
       Sack of spiders   |       |       |       |       |     7 |       ||     7
  Use: Potion            |       |     1 |       |       |    11 |     2 ||    14
       Scroll            |       |       |       |    21 |    15 |     1 ||    37
 Stab: Sleeping          |     1 |       |       |       |       |       ||     1
       Confused          |       |     1 |       |       |       |       ||     1
       Distracted        |       |       |       |     5 |    13 |     3 ||    21
       Paralysed         |       |       |       |       |    19 |       ||    19
       Invisible         |       |       |       |       |     1 |     1 ||     2
       Fleeing           |       |       |       |       |     1 |       ||     1
  Eat: Chunk             |     3 |     7 |     6 |       |       |       ||    16
       Ration            |       |       |     2 |     8 |    14 |     1 ||    25
Armor: Leather armour    |     8 |       |       |       |       |       ||     8
       Ring mail         |     7 |    46 |    66 |       |       |       ||   119
       Scale mail        |       |       |    73 |    26 |       |       ||    99
       Plate armour      |       |       |       |   284 |   289 |    15 ||   588
Dodge: Dodged            |    50 |   110 |   306 |   206 |   278 |    20 ||   970
Block: Shield            |       |       |    66 |   451 |   596 |    39 ||  1152
       Buckler           |       |       |     2 |       |       |       ||     2
